 Dungeon Crawl Stone Soup version 0.28.0-43-g3370ac3207 (webtiles) character file.

Game seed: 2683848640755395987

121979 Peloso the Peltast (level 16, -3/149 HPs)
             Began as a Minotaur Fighter on Mar 23, 2022.
             Was the Champion of Okawaru.
             Shot with an arrow by a deep elf archer (24 damage)
             ... on level 1 of the Elven Halls.
             The game lasted 01:17:52 (26913 turns).

Peloso the Peltast (Minotaur Fighter)              Turns: 26913, Time: 01:17:53

Health: -3/149     AC: 26    Str: 29    XL:     16   Next: 33%
Magic:  16/16      EV:  9    Int:  5    God:    Okawaru [******]
Gold:   2106       SH: 23    Dex: 12    Spells: 15/15 levels left

rFire   + . .      SeeInvis .   a - +3 scimitar (flame)
rCold   . . .      Faith    .   e - +2 tower shield {rC+}
rNeg    . . .      Spirit   .   L - +2 plate armour {Will+}
rPois   +          Reflect  .   k - +2 hat
rElec   .          Harm     .   R - +2 cloak
rCorr   +          Rampage  .   (no gloves)
Will    ++++.                   Q - +0 pair of boots "Umausmy" {Will+ rCorr Str+4}
Stlth   ..........              y - amulet of regeneration
HPRegen 1.14/turn               w - ring of willpower
MPRegen 0.15/turn               g - ring "Peenaef" {Fire rPois rCorr Str-2 Slay+5}

@: about to teleport
A: horns 2, retaliatory headbutt
a: Renounce Religion, Heroism, Finesse, Duel


You were on level 1 of the Elven Halls.
You worshipped Okawaru.
Okawaru was exalted by your worship.
You visited 5 branches of the dungeon, and saw 25 of its levels.
You visited 1 bazaar.
You also visited: Bailey, Ice Cave and Volcano.

You collected 2263 gold pieces.
You spent 157 gold pieces at shops.

Inventory:

Hand Weapons
 a - a +3 scimitar of flaming (weapon)
 b - a +5 falchion of venom
Armour
 c - a +0 tower shield
 e - a +2 tower shield of cold resistance (worn)
 k - a +2 hat (worn)
 G - a +2 scale mail of cold resistance
 L - a +2 plate armour of willpower (worn)
 Q - the +0 pair of boots "Umausmy" (worn) {Will+ rCorr Str+4}
   (Okawaru gifted it to you on level 1 of the Orcish Mines)

   Str:       It affects your strength (+4).
   rCorr:     It protects you from acid and corrosion.
   Will:      It increases your willpower.
 R - a +2 cloak (worn)
Jewellery
 g - the ring "Peenaef" (right hand) {Fire rPois rCorr Str-2 Slay+5}
   (You found it in a bailey)

   [ring of fire]

   It enhances your fire magic.
   Str:       It affects your strength (-2).
   Slay:      It affects your accuracy & damage with ranged weapons and melee
   (+5).
   rF:        It protects you from fire.
   rC:        It makes you vulnerable to cold.
   rPois:     It protects you from poison.
   rCorr:     It protects you from acid and corrosion.
 w - a ring of willpower (left hand)
 y - an amulet of regeneration (around neck)
 D - a ring of see invisible
 I - a ring of protection from cold
 T - the amulet of Meggu {Spirit Int+3}
   (You found it on level 6 of the Lair of Beasts)

   [amulet of guardian spirit]

   It causes incoming damage to be divided between your reserves of health and
   magic.
   Int:       It affects your intelligence (+3).
Wands
 d - a wand of acid (5)
 h - a wand of paralysis (3)
 v - a wand of digging (8)
Scrolls
 l - 3 scrolls of noise
 n - 2 scrolls of immolation
 F - a scroll of identify
 P - 2 scrolls of magic mapping
Potions
 f - 5 potions of flight
 r - 4 potions of curing
 t - 4 potions of might
 u - 2 potions of resistance
 z - 3 potions of haste
 O - a potion of berserk rage


   Skills:
 + Level 15.6 Fighting
 + Level 17.9 Long Blades
 + Level 15.8 Armour
 + Level 4.1 Dodging
 + Level 1.5 Stealth
 + Level 20.9 Shields
 + Level 2.5 Invocations
 + Level 2.0 Evocations


You had 15 spell levels left.
You didn't know any spells.
Your spell library contained the following spells:

 Spells                   Type           Power      Damage    Failure   Level
 Pain                     Necr           0%         1d4       99%         1
 Corpse Rot               Necr/Air       0%         N/A       100%        2
 Ensorcelled Hibernation  Hex/Ice        0%         N/A       100%        2
 Poisonous Vapours        Pois/Air       0%         N/A       100%        2
 Vampiric Draining        Necr           0%         2d6       100%        3
 Airstrike                Air            0%         N/A       100%        4
 Ice Form                 Ice/Tmut       0%         N/A       100%        4
 Borgnjor's Vile Clutch   Necr/Erth      0%         N/A       100%        5
 Lightning Bolt           Conj/Air       0%         1d11      100%        5
 Animate Skeleton         Necr           Unusable   N/A       N/A         1
 Animate Dead             Necr           Unusable   N/A       N/A         4
 Summon Ice Beast         Ice/Summ       Unusable   N/A       N/A         4
 Summon Lightning Spire   Summ/Air       Unusable   N/A       N/A         4
 Death Channel            Necr           Unusable   N/A       N/A         6

Dungeon Overview and Level Annotations

Branches:
Dungeon (15/15)            Temple (1/1) D:4            Lair (6/6) D:9
 Shoals (0/4) Lair:2        Snake (0/4) Lair:2        Slime (0/5) Lair:6
    Orc (2/2) D:10            Elf (1/3) Orc:2        Vaults (0/5) D:14
 Depths (0/4) D:15         Bailey (visited)           IceCv (visited)
Volcano (visited)

Altars:
Ashenzari
Cheibriados
Dithmenos
Elyvilon
Fedhas
Gozag
Hepliaklqana
Kikubaaqudgha
Makhleb
Okawaru
Qazlal
Ru
Uskayaw
Wu Jian
Xom
Yredelemnul
Beogh
Jiyva

Shops:
D:3 *   Orc:1 =   Orc:2 (*[=   Elf:1 :*

Annotations:
D:12 Casa


Innate Abilities, Weirdness & Mutations

You have a pair of horns on your head.
You reflexively headbutt those who attack you in melee.


Message History

Unknown command.
The deep elf archer shoots an arrow.
The arrow hits you!
You hear some strange, mumbled words.
A lance of force appears from out of thin air!
You block the lance of force.
The deep elf archer casts a spell.
The deep elf archer blinks!
The deep elf archer shoots an arrow.
You block the arrow.
The deep elf archer shoots an arrow.
You block the arrow. Something blocks your attack.
A deep elf zephyrmancer comes into view.
It is wielding a +0 dagger.
Something hits you!
The deep elf archer shoots an arrow.
The deep elf zephyrmancer shouts!
You hit something. You burn something.
You hear a shout!
You block something's attack.
The deep elf zephyrmancer points at you and mumbles some strange words.
The bolt of lightning hits you!! You block something's attack.
The deep elf archer shoots an arrow.
You block the arrow.
You hear some strange, mumbled words.
A shard of ice appears from out of thin air!
The shard of ice hits you!!!
* * * LOW HITPOINT WARNING * * *
The deep elf archer shoots an arrow.
You block the arrow.
You feel much better.
The deep elf archer shoots an arrow.
The arrow completely misses you. Something hits you.
* * * LOW HITPOINT WARNING * * *
Unknown command.
Something blocks your attack.
You headbutt something! You block something's attack.
The deep elf archer shoots an arrow.
You block the arrow.
You hear some strange, mumbled words.
A shard of ice appears from out of thin air!
The shard of ice hits you!
* * * LOW HITPOINT WARNING * * *
As you read the scroll of teleportation, it crumbles to dust.
You feel strangely unstable.
The deep elf archer shoots an arrow.
The arrow hits you!!
You die...

,,,*,,*,,#..##.## **,**,,*,,,,*,,
,,,*,,*,,'..##..# *,.#*,,*,,,,*,,
,,,*,,*,.#..##..##*..#*,,*,,,,*,,
,,,*,,*..#..##...#...#*,,*,,,,*,,
,,,*,,#.,#.###...#...###,*,,,,*,,
,,,*,,#..###.)..e......#**,,,,*,,
****,,*+.......∩.#.∩....,,,**'*,,
,,,,,,,..###...........#**,,,,,,,
,,,,,,,,,,,###.{@#...##*,,,,,,,,,
*************#...#...#**********'
,,,,,,,,,,,,,#..##*..#,,,,,,,,,,,
,,,,,,,,,,,,,#..# *,.#,,,,,,,,,,,
*********'***#.##***.#***********
,,,,,,,,,,,,,#e#,,,*,*,,,,,,,,,,,
,,,,,,,,,,,,,#.#,,,*,*,,,,,,,,,,,
*+***********..#*+*,,*******,,***
,,,,,,,,,,,,,...,,,,,,,,,,,*,,*,,


You could see a deep elf archer (repels missiles) and a deep elf zephyrmancer.

Vanquished Creatures
  3 azure jellies (IceCv)
  A rockslime (IceCv)
  An orc warlord (Orc:2)
  4 quicksilver oozes (IceCv)
  Snorg (Lair:5)
  A vault guard (D:14)
  2 ice dragons (D:15)
  2 catoblepae
  Harold (D:11)
  Josephine (Lair:5)
  Erolcha (D:11)
  9 hydras
  5 boulder beetles
  3 ogre magi
  The ghost of doomsgape the Grappler, a novice TrMo of Makhleb (D:8)
  15 two-headed ogres
  2 centaur warriors
  7 death yaks (D:9)
  2 dancing weapons (Elf:1)
  2 orc high priests
  Sonja (Lair:3)
  2 fire crabs
  5 skeletal warriors (D:13)
  12 spriggans (Lair:6)
  3 orange crystal statues (IceCv)
  5 manticores
  3 orc knights (Orc:2)
  7 ugly things
  7 deep elf zephyrmancers (Elf:1)
  A lindwurm (Lair:3)
  2 oklob plants
  7 deep elf pyromancers
  2 orc sorcerers (Orc:2)
  A cyclops (shapeshifter) (D:14)
  6 cyclopes
  Maurice (Orc:1)
  Joseph (D:8)
  A torpor snail (Lair:2)
  4 black mambas
  12 cane toads
  4 gargoyles
  2 efreet
  An unseen horror (D:12)
  3 rime drakes
  4 entropy weaver simulacra (IceCv)
  A very ugly thing simulacrum (IceCv)
  7 komodo dragons
  3 freezing wraiths (Elf:1)
  8 trolls
  A wind drake (Lair:2)
  11 polar bears
  7 hornets
  A raiju (shapeshifter) (D:13)
  17 blink frogs
  26 slime creatures
  Grinder (D:6)
  A jumping spider (shapeshifter) (D:13)
  A shadow (D:12)
  8 wraiths
  A spriggan (shapeshifter) (D:15)
  3 vampires (Bailey)
  45 yaks
  4 wyverns
  11 humans (D:14)
  5 basilisks
  18 fire bats (Volcano)
  A fire elemental (Elf:1)
  3 steam dragons
  5 vampire mosquitoes
  An acid dragon (D:12)
  Edmund (D:6)
  2 wargs
  3 nagas (Lair:2)
  2 demonic crawler simulacra (IceCv)
  16 water moccasins
  An ice beast (D:5)
  23 orc warriors
  2 sky beasts
  2 ugly thing simulacra (IceCv)
  7 black bears
  2 necrophages (D:4)
  4 boggarts (Lair:6)
  26 ogres
  30 wolves
  12 centaurs
  A kobold brigand (D:8)
  A phantom (D:5)
  A gnoll sergeant (D:12)
  2 scorpions (Lair:2)
  A wyvern zombie (D:6)
  6 bullfrogs
  A water moccasin skeleton (D:3)
  8 vampire bats (Bailey)
  15 killer bees
  2 electric eels
  A howler monkey (D:9)
  4 wolf zombies (Bailey)
  6 centaur zombies
  A jelly (D:7)
  16 orc priests
  A centaur skeleton (D:5)
  21 orc wizards
  2 iguanas
  5 hell rats (Lair:2)
  A killer bee zombie (D:7)
  An ogre zombie (D:10)
  A howler monkey skeleton (D:7)
  10 gnolls
  4 adders
  2 shadow imps (D:8)
  2 white imps (D:6)
  An ufetubus (D:6)
  An adder skeleton (D:4)
  A worm (D:3)
  56 orcs
  4 endoplasms
  4 giant cockroaches
  7 goblins
  9 hobgoblins
  8 jackals
  9 kobolds
  4 quokkas
  8 ball pythons
  7 bats
  4 frilled lizards
  A goblin zombie (D:8)
  A jackal skeleton (D:4)
  23 orc zombies (Bailey)
  A quokka zombie (D:8)
  4 rats
753 creatures vanquished.

Vanquished Creatures (others)
  26 fungi
  39 plants
65 creatures vanquished.

Grand Total: 818 creatures vanquished

Notes
Turn   | Place    | Note
-------+----------+-------------------------------------------
     0 | D:1      | Peloso the Minotaur Fighter began the quest for the Orb.
     0 | D:1      | Reached XP level 1. HP: 19/19 MP: 0/0
    44 | D:1      | Reached XP level 2. HP: 12/27 MP: 1/1
   236 | D:1      | Reached skill level 4 in Shields
   600 | D:1      | Reached XP level 3. HP: 33/33 MP: 2/2
  1184 | D:2      | Reached XP level 4. HP: 40/41 MP: 3/3
  1230 | D:2      | Identified the +0 leather armour of the Four Planets {rElec
                  | Stlth+}
  2089 | D:3      | Found a faded altar of an unknown god.
  2112 | D:3      | Reached XP level 5. HP: 37/47 MP: 4/4
  2322 | D:3      | Reached skill level 1 in Dodging
  2518 | D:3      | Reached skill level 5 in Armour
  2707 | D:3      | Found Nouvoal's Assorted Antiques.
  2963 | D:4      | Found a staircase to the Ecumenical Temple.
  2972 | Temple   | Entered the Ecumenical Temple
  3053 | Temple   | Became a worshipper of Warmaster Okawaru
  3173 | D:4      | Noticed an orc warrior
  3189 | D:4      | Killed an orc warrior
  3190 | D:4      | Reached XP level 6. HP: 4/53 MP: 5/5
  3194 | D:4      | Reached skill level 5 in Shields
  3708 | D:4      | Reached skill level 5 in Long Blades
  3945 | D:4      | Reached * piety under Okawaru
  3946 | D:4      | Reached XP level 7. HP: 52/60 MP: 6/6
  4164 | D:4      | Found a hide-covered altar of Uskayaw.
  4225 | D:5      | Entered Level 5 of the Dungeon
  4303 | D:5      | Found a blossoming altar of Fedhas.
  4418 | D:5      | Reached skill level 5 in Fighting
  4890 | D:5      | Reached skill level 6 in Shields
  5208 | D:6      | Noticed Grinder
  5210 | D:6      | Paralysed by Grinder for 3 turns
  5224 | D:5      | Reached ** piety under Okawaru
  5225 | D:5      | Reached XP level 8. HP: 68/68 MP: 7/7
  5343 | D:6      | Killed Grinder
  5686 | D:6      | Reached skill level 7 in Shields
  5871 | D:6      | Noticed Edmund
  5885 | D:6      | Killed Edmund
  6585 | D:7      | Reached XP level 9. HP: 75/75 MP: 8/8
  6728 | D:7      | Reached *** piety under Okawaru
  7129 | D:8      | Noticed Joseph
  7142 | D:8      | Killed Joseph
  7143 | D:8      | Reached skill level 8 in Shields
  7192 | D:8      | Found a large runed translucent door.
  7193 | D:8      | Found a large runed translucent door.
  7195 | D:8      | Identified the +4 quarterstaff of Terra Cotta {pain, rPois
                  | Str+3 Dex+2}
  7314 | D:8      | Found a runed translucent gate.
  7315 | D:8      | Noticed doomsgape's ghost (novice TrMo)
  7315 | D:8      | Found a runed translucent gate.
  7316 | D:8      | Found a runed translucent gate.
  7346 | D:8      | Found a flagged portal.
  7353 | Bailey   | Entered a bailey
  7396 | Bailey   | Reached skill level 10 in Long Blades
  7445 | Bailey   | Noticed a gargoyle
  7451 | Bailey   | Killed a gargoyle
  7607 | Bailey   | Reached skill level 9 in Shields
  7637 | Bailey   | Reached **** piety under Okawaru
  7682 | Bailey   | Reached XP level 10. HP: 86/86 MP: 9/9
  7723 | Bailey   | Identified the ring "Peenaef" {Fire rPois rCorr Str-2
                  | Slay+5}
  8102 | D:8      | Noticed a two-headed ogre
  8111 | D:8      | Killed a two-headed ogre
  8112 | D:8      | Reached skill level 10 in Shields
  8112 | D:8      | Reached skill level 1 in Invocations
  8112 | D:8      | Reached skill level 1 in Evocations
  8486 | D:8      | Found a burning altar of Makhleb.
  8493 | D:8      | Found a shadowy altar of Dithmenos.
  8617 | D:9      | Reached ***** piety under Okawaru
  8625 | D:9      | Received a gift from Okawaru
  8764 | D:9      | Found a staircase to the Lair.
  8764 | D:9      | Noticed a death yak
  8765 | D:9      | Noticed a death yak
  8765 | D:9      | Noticed a death yak
  8765 | D:9      | Noticed a death yak
  8765 | D:9      | Noticed a death yak
  8765 | D:9      | Noticed a death yak
  8765 | D:9      | Noticed a death yak
  9101 | D:10     | Entered Level 10 of the Dungeon
  9165 | D:10     | Reached skill level 11 in Shields
  9179 | D:10     | Found a shimmering altar of Xom.
  9336 | D:10     | Found a staircase to the Orcish Mines.
  9439 | D:10     | Reached XP level 11. HP: 71/94 MP: 10/10
  9478 | D:10     | Noticed a two-headed ogre
  9478 | D:10     | Noticed a two-headed ogre
  9493 | D:10     | Killed a two-headed ogre
  9493 | D:10     | Received a gift from Okawaru
  9494 | D:10     | Reached skill level 10 in Armour
  9501 | D:10     | Noticed a two-headed ogre
  9510 | D:10     | Killed a two-headed ogre
  9514 | D:10     | Killed a two-headed ogre
  9514 | D:10     | Received a gift from Okawaru
  9522 | D:10     | Received a gift from Okawaru
  9573 | D:10     | Noticed a two-headed ogre
  9573 | D:10     | Noticed a two-headed ogre
  9573 | D:10     | Noticed an ogre mage
  9575 | D:10     | Noticed a two-headed ogre
  9582 | D:10     | Killed a two-headed ogre
  9584 | D:10     | Killed a two-headed ogre
  9585 | D:10     | Reached skill level 1 in Stealth
  9593 | D:10     | Killed an ogre mage
  9593 | D:10     | Received a gift from Okawaru
  9597 | D:10     | Killed a two-headed ogre
  9598 | D:10     | Reached skill level 12 in Shields
  9745 | D:10     | Reached ****** piety under Okawaru
 10182 | D:11     | Noticed a five-headed hydra
 10187 | D:11     | Killed a two-headed hydra
 10187 | D:11     | Identified the -2 hat of Wisdom {+Blink SInv} (Okawaru
                  | gifted it to you on level 11 of the Dungeon)
 10187 | D:11     | Received a gift from Okawaru
 10250 | D:11     | Noticed a boulder beetle
 10255 | D:11     | Found a flickering gateway to a bazaar.
 10265 | Bazaar   | Entered a bazaar
 10292 | Bazaar   | Found Xoroan's Book Boutique.
 10296 | Bazaar   | Found Fued's Antique Armour Boutique.
 10296 | Bazaar   | Found Vos Ytsa's Jewellery Boutique.
 10297 | Bazaar   | Found Honoggah's General Store.
 10333 | Bazaar   | Bought a potion of curing for 45 gold pieces
 10333 | Bazaar   | Bought a scroll of identify for 30 gold pieces
 10357 | Bazaar   | Bought a scroll of identify for 30 gold pieces
 10408 | D:11     | Noticed an eight-headed hydra
 10414 | D:11     | Killed a six-headed hydra
 10444 | D:11     | Noticed Harold
 10457 | D:11     | Killed Harold
 10458 | D:11     | Reached XP level 12. HP: 90/106 MP: 10/12
 10505 | D:11     | Noticed Erolcha
 10520 | D:11     | Killed Erolcha
 10648 | D:11     | Killed a boulder beetle
 10886 | D:11     | Noticed a boulder beetle
 10891 | D:11     | Reached skill level 13 in Shields
 10908 | D:11     | Killed a boulder beetle
 10909 | D:11     | Reached skill level 10 in Fighting
 11853 | D:9      | Killed a death yak
 11858 | D:9      | Killed a death yak
 11864 | D:9      | Killed a death yak
 11864 | D:9      | Received a gift from Okawaru
 11872 | D:9      | Killed a death yak
 11873 | D:9      | Reached skill level 14 in Shields
 11880 | D:9      | Killed a death yak
 11885 | D:9      | Killed a death yak
 11886 | D:9      | Reached skill level 15 in Long Blades
 11891 | D:9      | Killed a death yak
 11923 | Lair:1   | Entered Level 1 of the Lair of Beasts
 12055 | Lair:1   | Noticed an eight-headed hydra
 12068 | Lair:1   | Killed a four-headed hydra
 12068 | Lair:1   | Received a gift from Okawaru
 12069 | Lair:1   | Reached XP level 13. HP: 97/116 MP: 13/13
 12293 | Lair:1   | Reached skill level 15 in Shields
 12328 | Lair:1   | Found a dark tunnel.
 12339 | Volcano  | Entered a volcano
 12826 | Lair:2   | Found a staircase to the Shoals.
 12997 | Lair:2   | Received a gift from Okawaru
 13056 | Lair:2   | You fall into a shaft and drop 1 floor!
 13075 | Lair:3   | Reached skill level 16 in Shields
 13209 | Lair:3   | Noticed Sonja
 13219 | Lair:3   | Killed Sonja
 14012 | Lair:2   | Found a staircase to the Snake Pit.
 14315 | Lair:2   | Reached XP level 14. HP: 127/127 MP: 14/14
 14895 | D:8      | Killed doomsgape's ghost
 15075 | Orc:1    | Entered Level 1 of the Orcish Mines
 15089 | Orc:1    | Identified the +0 pair of boots "Umausmy" {Will+ rCorr
                  | Str+4} (Okawaru gifted it to you on level 1 of the Orcish
                  | Mines)
 15089 | Orc:1    | Received a gift from Okawaru
 15188 | Orc:1    | Noticed Maurice
 15197 | Orc:1    | Killed Maurice
 15357 | Orc:1    | Found Meusicw's Jewellery Shop.
 15636 | Orc:2    | Entered Level 2 of the Orcish Mines
 15702 | Orc:2    | Found a staircase to the Elven Halls.
 15850 | Orc:2    | Reached skill level 17 in Shields
 16193 | Orc:2    | Noticed an orc warlord
 16240 | Orc:2    | Killed an orc warlord
 16293 | Orc:2    | Found Iclymp's Antique Armour Shop.
 16332 | Orc:2    | Found Duoleo's Jewellery Shop.
 16347 | Orc:2    | Found Xaczoico's General Store.
 16356 | Orc:2    | Bought a scroll of magic mapping for 52 gold pieces
 16364 | Orc:2    | Found Piujireq's Antique Weapon Shop.
 18871 | D:13     | Reached skill level 18 in Shields
 18942 | D:13     | Identified the +0 pair of gloves "Igasaf" {rN++ Stlth-}
                  | (Okawaru gifted it to you on level 13 of the Dungeon)
 18942 | D:13     | Received a gift from Okawaru
 20248 | Lair:5   | Reached XP level 15. HP: 116/138 MP: 15/15
 20552 | Lair:5   | Noticed Snorg
 20563 | Lair:5   | Killed Snorg
 20582 | Lair:5   | Noticed Josephine
 20593 | Lair:5   | Killed Josephine
 20958 | Lair:6   | Entered Level 6 of the Lair of Beasts
 21112 | Lair:6   | Reached skill level 19 in Shields
 21131 | Lair:6   | Found a staircase to the Slime Pits.
 21131 | Lair:6   | Found a viscous altar of Jiyva.
 21206 | Lair:6   | Received a gift from Okawaru
 21554 | Lair:6   | Identified the amulet of Meggu {Spirit Int+3}
 21647 | Lair:6   | Reached skill level 15 in Armour
 22515 | D:14     | Received a gift from Okawaru
 22551 | D:14     | Found a gate to the Vaults.
 23009 | D:15     | Entered Level 15 of the Dungeon
 23673 | D:15     | Found a staircase to the Depths.
 23678 | D:15     | Reached skill level 15 in Fighting
 25311 | Elf:1    | Entered Level 1 of the Elven Halls
 25317 | Elf:1    | Identified the +4 plate armour "Itusem" {Int+3} (Okawaru
                  | gifted it to you on level 1 of the Elven Halls)
 25317 | Elf:1    | Received a gift from Okawaru
 25432 | Elf:1    | Found a frozen archway.
 25439 | Elf:1    | Reached skill level 20 in Shields
 25455 | IceCv    | Entered an ice cave
 25844 | IceCv    | Reached XP level 16. HP: 142/149 MP: 16/16
 26434 | IceCv    | Found a viscous altar of Jiyva.
 26689 | IceCv    | Got the Volume of the Frostbite
 26894 | Elf:1    | Found Nicir's Book Boutique.
 26897 | Elf:1    | Found Qiog's General Store.
 26913 | Elf:1    | Shot with an arrow by a deep elf archer

Illustrated notes

Levels and vault maps discovered:
D:1:      wander_arrival_lonely_grave, layout_loops_ring
D:2:      layout_loops_corners
D:3:      layout_basic, ebering_ecumenical_altar_mist, serial_shops, shop,
          minmay_stone_trees_medium
D:4:      layout_loops_ring, lemuel_coloured_pillars_altar,
          minmay_temple_entry_slanted, amcnicky_mini_pool_small, st_stairs_3
D:5:      layout_gridville, fedhas_altar_2
D:6:      layout_cave_pools, minmay_hedge_maze, skrybe_limestone_x,
          uniq_grinder, uniq_edmund
D:7:      layout_cave_pools, chequers_serial_rivers_micro_a
D:8:      layout_rooms, jmf_multi_god_temple2, enter_bailey_1,
          biasface_ghost_orc_armoury, enter_ossuary_4, minmay_microvault,
          uniq_joseph
D:9:      layout_loops_corners, dpeg_lair_monsters
D:10:     lemuel_ogre_cave, layout_grid_maze, kennysheep_mini_moat
D:11:     layout_stronghold, serial_shops, bzr_entry_water, uniq_harold,
          uniq_erolcha
D:12:     layout_layer_cave
D:13:     layout_cross, grunt_ministairs_10, minmay_fractal_squares_gapless_7
D:14:     layout_loops_ring, ximxim_vaults_locker_room, minivault_11
D:15:     grunt_enter_depths_hoard, layout_loops_ring
Temple:   minmay_crystal_spiral_temple
Lair:1:   layout_roguey, lightli_volcano_entry_magma_tube
Lair:2:   layout_regular_city, minmay_shoals_entry_beasts,
          minmay_snake_entry_guardpost_small, nicolae_lair_lakeside_cave,
          serial_bayou_shore_a, grunt_megastairs_2, serial_bayou_shore_b
Lair:3:   layout_misc_corridors, serial_bayou_pond_a, minivault_24,
          chequers_serial_rivers_marsh, st_stairs_12, uniq_sonja
Lair:4:   layout_loops_ring, gammafunk_lair_bear_cave, grunt_megastairs_3
Lair:5:   layout_roguey, uniq_josephine, uniq_snorg
Lair:6:   minmay_lair_end_enchanted_forest, layout_gridlike, slime_altar_1
Orc:1:    layout_caves, serial_shops, nicolae_square_shop, basic_altar,
          nicolae_orc_bridge_out, mines3_lemuel, uniq_maurice
Orc:2:    grunt_orc_cross, layout_diamond_mine, nicolae_orc_lava_tube
Elf:1:    eino_elf_arrival_sip, layout_onion_city,
          portal_ice_cave_entry_frozen_things, minmay_elf_sorcery,
          minmay_shop_star, uniq_agnes

Skill      XL: |  1  2  3  4  5  6  7  8  9 10 11 12 13 14 15 16 |
---------------+-------------------------------------------------+-----
Armour         | 4 5 6 8 9 11 12 13 14 15 | 15.8
Shields        | 4 5 6 7 9 11 12 14 16 18 20 | 20.9
Fighting       | 4 5 6 7 8 9 11 12 14 15 | 15.6
Long Blades    | 3 4 5 7 8 10 12 14 15 17 | 17.9
Dodging        | 1 2 3 4 |  4.1
Invocations    | 1 2 |  2.5
Evocations     | 1 2 |  2.0
Stealth        | 1 |  1.5

Action                   |  1- 3 |  4- 6 |  7- 9 | 10-12 | 13-15 | 16-18 || total
-------------------------+-------+-------+-------+-------+-------+-------++-------
Melee: Long sword        |    80 |   124 |   352 |    96 |       |       ||   652
       Headbutt          |     9 |    23 |    64 |   133 |   337 |    56 ||   622
       Scimitar          |       |       |       |   387 |  1294 |   165 ||  1846
Invok: Heroism           |       |       |     3 |    10 |     9 |     3 ||    25
Evoke: Wand              |       |       |     8 |    12 |    19 |       ||    39
  Use: Scroll            |       |     1 |    13 |    11 |     9 |     2 ||    36
       Potion            |       |     1 |     1 |     2 |     1 |     4 ||     9
 Stab: Distracted        |       |       |       |       |     1 |       ||     1
Armor: Scale mail        |    58 |    24 |       |       |    13 |     6 ||   101
       Plate armour      |       |    21 |   346 |   233 |   563 |   103 ||  1266
Dodge: Dodged            |    60 |    23 |    60 |    84 |   255 |    55 ||   537
Block: Buckler           |    29 |       |       |       |       |       ||    29
       Tower shield      |       |    85 |   350 |   437 |  1293 |   226 ||  2391
